 Dungeon Crawl Stone Soup version 0.27-a0-972-gd1521fd518 (webtiles) character file.

Game seed: 4893731253416717119

2 kae the Ruffian (level 1, 0/16 HPs)
             Began as a Draconian Transmuter on Apr 13, 2021.
             Slain by a kobold
             ... wielding a +0 short sword
              (6 damage)
             ... on level 1 of the Dungeon.
             The game lasted 00:00:04 (48 turns).

kae the Ruffian (Draconian Transmuter)                Turns: 48, Time: 00:00:05

Health: 0/16       AC:  4    Str: 12    XL:     1   Next: 25%
Magic:  3/3        EV: 12    Int: 13    God:
Gold:   0          SH:  0    Dex: 11    Spells: 3/4 levels left

rFire    . . .     SeeInvis .     - Unarmed
rCold    . . .     Faith    .   (no shield)
rNeg     . . .     Spirit   .   (armour unavailable)
rPois    .         Reflect  .   (helmet restricted)
rElec    .         Harm     .   (no cloak)
rCorr    .         Rampage  .   (no gloves)
Will     .....                  (no boots)
Stlth    +.........             (no amulet)
HPRegen  0.05/turn              (no ring)
MPRegen  0.08/turn              (no ring)

@: no status effects
A: AC +4, unfitting armour, cold-blooded
a: no special abilities


You were on level 1 of the Dungeon.
You visited 1 branch of the dungeon, and saw 1 of its levels.

You aren't carrying anything.


   Skills:
 + Level 1.1 Fighting
 + Level 1.7 Dodging
 * Level 3.0 Unarmed Combat
 + Level 2.0 Spellcasting
 * Level 2.0 Transmutations


You had 3 spell levels left.
You knew the following spells:

 Your Spells              Type           Power      Damage    Failure   Level
a - Beastly Appendage     Tmut           12%        N/A       11%         1

Your spell library contained the following spells:

 Spells                   Type           Power      Damage    Failure   Level
 Wereblood                Tmut           6%         N/A       17%         2
 Spider Form              Tmut/Pois      1%         N/A       45%         3
 Ice Form                 Ice/Tmut       3%         N/A       86%         4
 Hydra Form               Tmut           3%         N/A       97%         5


Dungeon Overview and Level Annotations

Branches:
Dungeon (1/15)

Altars:


Innate Abilities, Weirdness & Mutations

Your plain brown scales are hard. (AC +4)
You cannot fit into any form of body armour.
You are cold-blooded and may be slowed by cold attacks.


Message History

You hit the kobold but do no damage. The kobold barely misses you.
There are monsters nearby!
You barely miss the kobold. You barely miss the kobold.
You tail-slap the kobold, but do no damage.
The kobold hits you with a +0 short sword.
You hit the kobold.
You kill the kobold!
Your magical contamination has completely faded away.
You miss the kobold.
The kobold hits you with a +0 short sword.
You closely miss the hobgoblin.
The kobold hits you with a +0 short sword.
The hobgoblin hits you.
You are too injured to fight recklessly!
There are monsters nearby!
You are too injured to fight recklessly!
You are too injured to fight recklessly!
There are monsters nearby!
You are too injured to fight recklessly!
You are too injured to fight recklessly!
There are monsters nearby!
You are too injured to fight recklessly!
You are too injured to fight recklessly!
You barely miss the hobgoblin. The kobold completely misses you.
The hobgoblin hits you but does no damage.
You barely miss the hobgoblin.
The kobold hits you with a +0 short sword.
The hobgoblin closely misses you.
You closely miss the hobgoblin. The kobold closely misses you.
You hit the hobgoblin.
The hobgoblin is almost dead.
The hobgoblin hits you. The kobold closely misses you.
You hit the hobgoblin but do no damage.
The hobgoblin is almost dead.
The hobgoblin barely misses you. The kobold closely misses you.
You hit the hobgoblin.
You kill the hobgoblin!
The kobold hits you with a +0 short sword.
You die...

#. .### ..) ...## ?.
###...# ##.#
.......##)..#
..>.....@K# .
........####....
................
........###..##+
........## .#
.........# ..#
.......#.##..#
......##.#...#
########.....#≈≈≈...#


You could see a kobold.

Vanquished Creatures
  A bat (D:1)
  A hobgoblin (D:1)
  A kobold (D:1)
3 creatures vanquished.

Notes
Turn   | Place    | Note
-------+----------+-------------------------------------------
     0 | D:1      | kae the Draconian Transmuter began the quest for the Orb.
     0 | D:1      | Reached XP level 1. HP: 16/16 MP: 3/3
    48 | D:1      | Slain by a kobold

Illustrated notes

Levels and vault maps discovered:
D:1:      tarquinn_simple_flora_water_c, layout_rooms

Action                   || total
-------------------------++-------
Melee: Unarmed           ||    16
       Tailslap          ||     2
Armor: Skin              ||     1
Dodge: Dodged            ||    16

Table legend: (Time is in decaauts)
 A = Elapsed time spent in this place.
 B = Non-inter-level travel time spent in this place.
 C = Inter-level travel time spent in this place.
 D = Time resting spent in this place.
 E = Time spent auto-exploring this place.
 F = Levels seen in this place.
 G = Mean time per level.
                   A        B        C        D        E       F      G
               +--------+--------+--------+--------+--------+-----+--------+
         Total |     47 |     47 |      0 |      0 |     30 |   1 |   47.0 |
       Dungeon |     47 |     47 |      0 |      0 |     30 |   1 |   47.0 |
               +--------+--------+--------+--------+--------+-----+--------+

Top non-repeatable levels by time:
     D:1: 47 daAuts
